 Dungeon Crawl Stone Soup version 0.26-b1-32-g5d43845318 (webtiles) character file.

Game seed: 8060410303147900518

123 theswoord the Firebug (level 5, -6/42 HPs)
             Began as a Naga Fire Elementalist on Jan 10, 2021.
             Killed from afar by Natasha (10 damage)
             ... with a magic dart
             ... on level 3 of the Dungeon.
             The game lasted 00:10:16 (2297 turns).

theswoord the Firebug (Naga Fire Elementalist)      Turns: 2297, Time: 00:10:16

Health: -6/42      AC:  2    Str: 10    XL:     5   Next: 7%
Magic:  0/8        EV: 10    Int: 16    God:
Gold:   172        SH:  0    Dex: 12    Spells: 4/8 levels left

rFire    . . .     SeeInvis +   c - +2 dagger (protect)
rCold    . . .     Faith    .   (no shield)
rNeg     . . .     Spirit   .   a - +0 robe
rPois    +         Reflect  .   (no helmet)
rElec    .         Harm     .   (no cloak)
rCorr    .         Rampage  .   (no gloves)
Will     .....                  (no barding)
Stlth    ++........             (no amulet)
HPRegen  0.14/turn              (no ring)
MPRegen  0.11/turn              (no ring)

@: short of breath, very slightly contaminated, slowed, very slow
A: large, see invisible, deformed body, poison resistance, slowness 2, spit
poison 1, AC +1
a: Spit Poison


You were on level 3 of the Dungeon.
You visited 1 branch of the dungeon, and saw 3 of its levels.

You collected 172 gold pieces.

Inventory:

Hand Weapons
 c - a +2 dagger of protection (weapon)
Armour
 a - a +0 robe (worn)
 n - a +0 cloak
Scrolls
 b - a scroll of noise {unknown}
 f - a scroll of teleportation {unknown}
 g - a scroll of immolation {unknown}
 h - 2 scrolls of identify {unknown}
 j - 4 scrolls of amnesia {unknown}
 l - a scroll of remove curse {unknown}
 o - a scroll of random uselessness {unknown}
Potions
 d - a potion of mutation {unknown}
 e - a potion of heal wounds {unknown}
 i - a potion of berserk rage
 k - a potion of ambrosia {unknown}
 m - a potion of degeneration {unknown}
 p - a potion of curing {unknown}


   Skills:
 - Level 1.5 Dodging
 - Level 3.0 Stealth
 - Level 2.0 Spellcasting
 + Level 3.3 Conjurations
 + Level 4.4 Fire Magic


You had 4 spell levels left.
You knew the following spells:

 Your Spells              Type           Power        Failure   Level
a - Foxfire               Conj/Fire      56%          4%          1
b - Conjure Flame         Conj/Fire      14%          13%         3

Your spell library contained the following spells:

 Spells                   Type           Power        Failure   Level
 Inner Flame              Hex/Fire       8%           26%         3
 Sticky Flame             Conj/Fire      14%          38%         4
 Fireball                 Conj/Fire      7%           75%         5


Dungeon Overview and Level Annotations

Branches:
Dungeon (3/15)

Altars:
Elyvilon
Qazlal
Uskayaw

Annotations:
D:3 Natasha


Innate Abilities, Weirdness & Mutations

You cannot wear boots.
Your serpentine skin is tough. (AC +1)
You have supernaturally acute eyesight. (SInv)
Armour fits poorly on your strangely shaped body.
Your system is resistant to poisons. (rPois)
You cover ground very slowly.
You can spit poison.


Message History

The fire ignites!
You are engulfed in blazing flames.
Ouch! That really hurt!
* * * LOW HITPOINT WARNING * * *
Natasha claws you.
* * * LOW HITPOINT WARNING * * *
You have got your breath back.
Things that are here:
a +1 short sword of speed; a kobold corpse Unknown command.
Press: ? - help, Shift-Dir - straight line, f/p - Natasha
Aim: Natasha The splash of poison misses Natasha.
Casting: Foxfire (safe; 4% risk of failure)
Press: ? - help, Q - select action, (/) - cycle Dir - look around, f - activate You miscast Foxfire.
You are very lightly contaminated with residual magic.
Nothing appears to happen.
Natasha casts a spell at you. The magic dart hits you!
You die...

... #.# ..#### #....
# #.#.# #
.###.##.#.# ##.#
..........# ....##
........?†####.#....
.....†...@☼h........
####..#..###.#.#####
..................#
...#..#..###........
..
#..#........###..# .
#. #..####.## ..# #.
#..####.## #..#
#........##....
##.............


You could see Natasha.

Vanquished Creatures
  Natasha (twice) (D:3)
  2 adders
  4 leopard geckos
  5 bats
  A giant cockroach (D:2)
  3 goblins
  7 hobgoblins
  4 jackals
  A quokka (D:2)
  4 frilled lizards
  12 kobolds
  7 rats
52 creatures vanquished.

Vanquished Creatures (others)
  47 foxfires
47 creatures vanquished.

Grand Total: 99 creatures vanquished

Notes
Turn   | Place    | Note
-------+----------+-------------------------------------------
     0 | D:1      | theswoord the Naga Fire Elementalist began the quest for
                  | the Orb.
     0 | D:1      | Reached XP level 1. HP: 15/15 MP: 3/3
   201 | D:1      | Reached XP level 2. HP: 2/22 MP: 0/5
   222 | D:1      | HP: 1/22 [jackal (3)]
  1012 | D:1      | Reached XP level 3. HP: 28/28 MP: 4/6
  1299 | D:2      | Noticed an air elemental
  1431 | D:2      | Found a white marble altar of Elyvilon.
  1653 | D:2      | Reached XP level 4. HP: 19/36 MP: 5/7
  1658 | D:2      | Learned a level 3 spell: Conjure Flame
  1799 | D:2      | Found a stormy altar of Qazlal.
  1800 | D:2      | Noticed a water elemental
  1801 | D:2      | Noticed an earth elemental
  1802 | D:2      | Noticed a fire elemental
  1834 | D:2      | Reached skill level 4 in Fire Magic
  2019 | D:2      | Found a hide-covered altar of Uskayaw.
  2108 | D:3      | Noticed Natasha
  2116 | D:3      | Killed Natasha
  2274 | D:3      | Noticed Natasha
  2279 | D:3      | Killed Natasha
  2280 | D:3      | Reached XP level 5. HP: 37/42 MP: 5/8
  2290 | D:3      | Noticed Natasha
  2297 | D:3      | Killed from afar by Natasha

Skill      XL: |  1  2  3  4 |
---------------+-------------+-----
Conjurations   | 2 3 |  3.3
Fire Magic     | 4 |  4.4
Dodging        | |  1.5
Stealth        | |  3.0
Spellcasting   | |  2.0

Action                   |  1- 3 |  4- 6 || total
-------------------------+-------+-------++-------
Melee: Dagger            |    80 |    11 ||    91
       Unarmed           |     2 |       ||     2
 Cast: Foxfire           |    25 |     6 ||    31
       Conjure Flame     |       |     2 ||     2
 Abil: Spit Poison       |     7 |     5 ||    12
  Use: Potion            |       |     1 ||     1
 Stab: Sleeping          |     1 |       ||     1
Armor: Robe              |    36 |     2 ||    38
Dodge: Dodged            |    66 |     6 ||    72

Levels and vault maps discovered:
D:1:      ncdulo_lavacross, layout_basic
D:2:      layout_rooms, elyvilon_altar_5, general_overflow_altar,
          nicolae_qazlal_style_of_elements
D:3:      layout_basic, uniq_natasha
